Cogmind - Beta 11 X9 @@@ ROGUE MODE // 2022.01.02 @ 18:49:28 // Winter2021/Sauler Player: Judas Result: Core destroyed Performance ------------- Evolutions (4) 2000 Regions Visited (9) 1800 Robots Destroyed (93) 465 Value Destroyed (2995) 2995 Prototype IDs (5) 100 Alien Tech Used (0) 0 Bonus (1483) 1483 TOTAL SCORE: 8843 Bonus ------- High Alert Combat Kills 250 Follower Combat Kills 33 Entered Garrisons 200 Used RIF Installer 500 Entered DSFs 500 Cogmind --------- Core Integrity 0/850 Matter 244/300 Energy 58/265 System Corruption 18% Temperature Critical (1476) Movement Treading (160) Location -6/DSF Parts ------- > --- POWER (1) -------- Improved Ion Engine > --- PROPULSION (4) --- Heavy Treads Heavy Treads > --- UTILITY (6) ------ High-capacity Storage Unit Hacking Suite Authchip [Weapon] System Backup Module > --- WEAPON (4) ------- Wave Gun > --- INVENTORY (20) --- Light Treads Light Treads Light Treads Heavy Treads Armored Leg Improved VSS Leg Improved Heat Sink Large Storage Unit Advanced Targeting Computer Matter Filter Hardened Light Armor Plating System Shield Authchip [Weapon] Arc Projector Wave Gun Improved Datajack Remote Datajack Peak State ------------ > --- POWER ------------ Light Nuclear Core > --- PROPULSION ------- Armored Leg Armored Leg Armored Leg Armored Leg > --- UTILITY ---------- High-capacity Storage Unit Kinecellerator Hacking Suite Hacking Suite Authchip [Weapon] > --- WEAPON ----------- Improved Arc Projector Autogun Minigun EMP Blaster > --- INVENTORY -------- Improved Ion Engine Light Treads Light Treads Light Treads Improved Heat Sink Large Storage Unit Advanced Targeting Computer Matter Filter Hardened Light Armor Plating System Shield Authchip [Weapon] Arc Projector Improved Datajack Remote Datajack [Rating: 54] Favorites ----------- Power Light Nuclear Core Engine Improved Ion Engine Power Core Light Nuclear Core Propulsion Light Treads Treads Light Treads Leg Carbon-fiber Leg Wheel Wheel Flight Unit VTOL Module Utility High-capacity Storage Unit Device Kinecellerator Storage High-capacity Storage Unit Processor Experimental Targeting Computer Hackware Hacking Suite Protection Light Armor Plating Weapon Heavy Assault Rifle Energy Gun Advanced Beam Rifle Energy Cannon Advanced Beam Cannon Ballistic Gun Heavy Assault Rifle Ballistic Cannon Improved Light Cannon Launcher EMP Blaster Special Weapon Remote Datajack Build | -11 -10 -9 -9 -8 -8 -8 -7 -6 -6 ------- Run | Scr Mat Mat Min Mat Sto Gar Fac Fac DSF Slots Evolved 8 | . . 2 . 2 . . 2 2 . Power . | . . . . . . . . . . Propulsion 2 | . . 1 . 1 . . . . . Utility 4 | . . . . . . . 2 2 . Weapon 2 | . . 1 . 1 . . . . . Parts Attached 110 | 1 10 18 6 1 15 22 13 2 22 Power 16 | . 1 2 1 . 3 5 2 . 2 Engine 6 | . . 2 1 . 1 1 . . 1 Core 10 | . 1 . . . 2 4 2 . 1 Reactor . | . . . . . . . . . . Propulsion 37 | . 6 5 1 1 4 8 3 . 9 Treads 15 | . . . . . 4 5 3 . 3 Leg 9 | . . . . . . 3 . . 6 Wheel 11 | . 4 5 1 1 . . . . . Hover . | . . . . . . . . . . Flight 2 | . 2 . . . . . . . . Utility 18 | 1 1 . 3 . 2 2 4 2 3 Device 8 | 1 . . 1 . . . 4 . 2 Storage 4 | . 1 . 1 . 1 1 . . . Processor 2 | . . . 1 . 1 . . . . Hackware 3 | . . . . . . . . 2 1 Protection 1 | . . . . . . 1 . . . Artifact . | . . . . . . . . . . Weapon 39 | . 2 11 1 . 6 7 4 . 8 Energy Gun 3 | . . . . . 1 . . . 2 Energy Cannon 5 | . . . . . 2 2 1 . . Ballistic Gun 26 | . 2 11 1 . . 5 3 . 4 Ballistic Cannon 3 | . . . . . 3 . . . . Launcher 1 | . . . . . . . . . 1 Special Weapon 1 | . . . . . . . . . 1 Impact Weapon . | . . . . . . . . . . Slashing Weapon . | . . . . . . . . . . Piercing Weapon . | . . . . . . . . . . Special Melee Weapon . | . . . . . . . . . . Unidentified Prototypes 5 | . . 1 1 . 3 . . . . Corrupted Parts 4 | . . . . . . 1 . . 3 System Corruption 16 | . . . . . . 3 . . 13 Parts Lost 36 | . . 1 1 . 7 13 1 . 13 Power 4 | . . . . . 1 3 . . . Propulsion 8 | . . . . . 4 3 . . 1 Utility 9 | . . . 1 . 1 1 1 . 5 Weapon 15 | . . 1 . . 1 6 . . 7 Highest Loss Streak 7 | . . 1 1 . 5 6 1 . 7 Average Slot Usage (%) 88 | . 100 96 95 90 92 82 99 100 81 Engine 4 | . 10 10 11 9 5 3 2 . . Core 3 | . 3 . . . 3 3 4 6 3 Treads 15 | . . . . . 8 16 30 26 9 Leg 4 | . 1 . . . . 7 . . 13 Wheel 7 | . 25 32 33 36 22 . . . . Device 5 | . 14 11 4 9 4 . 14 13 6 Storage 12 | . 14 11 11 9 8 13 15 13 8 Hackware 1 | . . . . . . . . 13 15 Energy Cannon 5 | . . . . . 1 10 1 . . Ballistic Gun 18 | . 28 30 29 27 20 12 28 26 14 Ballistic Cannon 6 | . . . . . 6 12 . . . Naked Turns . | . . . . . . . . . . Heaviest Build 70 | 12 32 37 59 59 63 64 70 69 69 Greatest Support 140 | 20 20 30 30 40 60 80 83 83 140 Greatest Overweight (x) 5 | . 2 1 1 1 5 3 . . 3 Average Overweight (x) . | . . . . 1 1 1 . . . Largest Inventory Capacity 20 | 8 15 15 20 20 20 20 20 20 20 Average Capacity 18 | 8 11 15 17 20 19 20 20 20 20 Most Carried 20 | 8 15 15 15 14 17 16 20 18 18 Average Carried 12 | 6 9 14 14 14 12 11 15 17 16 Final Capacity 20 | 8 15 15 20 20 20 20 20 20 20 Final Carried 19 | 8 15 14 15 14 11 16 19 17 18 Class Distribution -------------------- 45% | Scavenger-Gunner 22% | Gunner 10% | Scavenger-Skirmisher 8% | Mutant 5% | Scavenger-Tank 3% | Hacker-Gunner Dominant Class ---------------- Mutant | -10/Materials Scavenger-Skirmisher | -9/Materials Scavenger-Gunner | -9/Mines Scavenger-Skirmisher | -8/Materials Scavenger-Skirmisher | -8/Storage Scavenger-Gunner | -8/Garrison Scavenger-Gunner | -7/Factory Scavenger-Gunner | -6/Factory Hacker-Gunner | -6/DSF Resources | -11 -10 -9 -9 -8 -8 -8 -7 -6 -6 ----------- Run | Scr Mat Mat Min Mat Sto Gar Fac Fac DSF Matter Collected 3144 | 263 213 335 231 . 472 850 265 . 515 Remotely . | . . . . . . . . . . Salvage Created 3797 | 128 254 346 55 . 868 811 387 . 948 Parts 204 | 7 22 33 4 . 35 57 28 . 18 Haulers Intercepted 3 | . . 1 . . 1 . 1 . . Recyclers Shooed 4 | . . 3 . . 1 . . . . Parts Field Recycled . | . . . . . . . . . . Retrieved Matter . | . . . . . . . . . . Parts Self-Destructed . | . . . . . . . . . . Prevented . | . . . . . . . . . . Kills | -11 -10 -9 -9 -8 -8 -8 -7 -6 -6 ------- Run | Scr Mat Mat Min Mat Sto Gar Fac Fac DSF Combat Hostiles Destroyed 76 | . 6 12 1 . 12 27 6 . 12 Guns 41 | . 6 12 1 . 9 2 6 . 5 Cannons 26 | . . . . . 3 23 . . . AOE 5 | . . . . . . 1 . . 4 Classes Destroyed 14 | 3 2 3 . . 2 1 2 . 1 Worker 5 | 1 2 2 . . . . . . . Tunneler 2 | 2 . . . . . . . . . Hauler 3 | . . 1 . . 1 . 1 . . Recycler 5 | 1 . . . . 3 . 1 . . Operator 1 | . . . . . . . 1 . . Watcher 1 | . 1 . . . . . . . . Swarmer 26 | . . 7 . . . 12 3 . 4 Grunt 25 | . 6 3 . . 9 4 1 . 2 Brawler 1 | . . . . . 1 . . . . Sentry 10 | . . 2 1 . 1 6 . . . Specialist 6 | . . . . . . 1 . . 5 Hunter 5 | . . . . . 1 4 . . . Programmer 2 | . . . . . . . 2 . . Heavy 1 | . . . . . . . . . 1 Best Kill Streak 8 | 2 7 5 1 . 6 8 3 . 4 Combat Bots Only 8 | . 5 4 1 . 6 8 3 . 4 Max Kills in Single Turn 2 | 1 1 2 1 . 1 2 1 . 2 Gunslinging 1 | . . 1 . . . . . . . Exploded 2 | . . . . . . 1 . . 2 Melee . | . . . . . . . . . . Uniques/NPCs Destroyed . | . . . . . . . . . . Combat | -11 -10 -9 -9 -8 -8 -8 -7 -6 -6 -------- Run | Scr Mat Mat Min Mat Sto Gar Fac Fac DSF Damage Taken 6713 | . 143 336 69 . 827 1848 434 . 3056 Core 1371 | . 24 41 . . 98 287 30 . 891 Absorbed by Shields 25 | . . . . . . 25 . . . Core Remaining (%) 80 | 100 90 . 89 . . 30 95 . . Volleys Fired 211 | 14 17 28 4 . 38 67 13 . 30 Largest 4 | 2 2 3 2 . 4 4 4 . 4 Hottest 198 | 40 46 69 46 . 178 198 102 . 146 Shots Fired 637 | 28 34 77 8 . 134 219 50 . 87 Gun 457 | 28 34 77 8 . 109 76 50 . 75 Cannon 168 | . . . . . 25 143 . . . Launcher 10 | . . . . . . . . . 10 Special 2 | . . . . . . . . . 2 Kinetic 530 | 28 34 77 8 . 112 157 50 . 64 Thermal 71 | . . . . . 19 47 . . 5 Explosive . | . . . . . . . . . . Electromagnetic 34 | . . . . . 3 15 . . 16 Robot Hit Streak 16 | 6 11 12 6 . 14 10 7 . 16 Robot Miss Streak 6 | 2 3 5 1 . 4 6 2 . 5 Penetration Max 1 | . . . . . . . . . 1 Secondary Targets 5 | . . 1 . . 3 . 1 . . Max Gunslinging Chain 1 | . . 1 . . 1 . 1 . . Shots Hit Robots 354 | 19 28 52 6 . 80 88 27 . 54 Core Hits 162 | 7 18 24 2 . 32 37 14 . 28 Critical Kills 1 | . . . . . . 1 . . . Critical Parts Destroyed . | . . . . . . . . . . Critical Strikes 8 | . . . . . 4 4 . . . Burn 3 | . . . . . 3 . . . . Meltdown 1 | . . . . . . 1 . . . Blast 3 | . . . . . 1 2 . . . Corrupt 1 | . . . . . . 1 . . . Melee Attacks . | . . . . . . . . . . Impact . | . . . . . . . . . . Slashing . | . . . . . . . . . . Piercing . | . . . . . . . . . . Sneak Attacks . | . . . . . . . . . . Combat Hostiles . | . . . . . . . . . . Follow-up Attacks . | . . . . . . . . . . Damage Inflicted 6674 | 195 416 962 90 . 1325 1799 533 . 1354 Guns 4436 | 195 416 848 90 . 1064 360 533 . 930 Cannons 1664 | . . . . . 261 1403 . . . Explosions 574 | . . 114 . . . 36 . . 424 Melee . | . . . . . . . . . . Ramming . | . . . . . . . . . . Kinetic 4998 | 195 416 848 90 . 1039 1059 533 . 818 Thermal 896 | . . . . . 240 483 . . 173 Explosive 114 | . . 114 . . . . . . . Electromagnetic 666 | . . . . . 46 257 . . 363 Impact . | . . . . . . . . . . Slashing . | . . . . . . . . . . Piercing . | . . . . . . . . . . Highest Corruption 18 | . . . . . . 3 1 . 18 Average Corruption 3 | . . . . . . 3 1 . 12 Corruption Purged . | . . . . . . . . . . Effects 40 | . . . . . . 28 1 . 11 Message Errors 7 | . . . . . . 5 . . 2 Matter Fused 10 | . . . . . . 7 . . 3 Heat Flow Errors 4 | . . . . . . 3 . . 1 Energy Discharges 9 | . . . . . . 8 . . 1 Data Loss (minor) 6 | . . . . . . 5 1 . . Misfires 1 | . . . . . . . . . 1 Misdirections 1 | . . . . . . . . . 1 Weapon Failures 2 | . . . . . . . . . 2 Overload Shots . | . . . . . . . . . . Overflow Damage 130 | . . 74 . . . . 56 . . Projectiles . | . . . . . . . . . . Explosions 130 | . . 74 . . . . 56 . . Melee . | . . . . . . . . . . Knockbacks 7 | . . . . . . 7 . . . Impact . | . . . . . . . . . . Kinetic 7 | . . . . . . 7 . . . Secondary . | . . . . . . . . . . Self-Inflicted Damage 275 | . . 79 . . . 17 138 . 41 Shots 10 | . . 1 . . . 1 2 . 6 Rammed . | . . . . . . . . . . Targets Rammed . | . . . . . . . . . . Kicked . | . . . . . . . . . . Crushed . | . . . . . . . . . . Highest Temperature 1476 | . 10 42 . . 315 588 104 . 1476 Average Temperature 174 | . 4 8 . . 103 211 41 . 435 Received Heat Transfer 1065 | . 81 60 18 . 396 222 45 . 243 Effects 62 | . . . . . 3 33 . . 26 Shutdowns 9 | . . . . . . 5 . . 4 Energy Bleed 2 | . . . . . . 2 . . . Interference 15 | . . . . . 3 10 . . 2 Matter Decay 6 | . . . . . . 3 . . 3 Short Circuit 5 | . . . . . . 3 . . 2 Damage (minor) 6 | . . . . . . 3 . . 3 Damage (major) 13 | . . . . . . 6 . . 7 Damage (core) 6 | . . . . . . 1 . . 5 Siege Activations . | . . . . . . . . . . Robots Corrupted . | . . . . . . . . . . Combat Hostiles . | . . . . . . . . . . Parts Fried 2 | . . . . . . 2 . . . Impact Corruptions . | . . . . . . . . . . Robots Melted 3 | . . . . . . 1 . . 2 Combat Hostiles 3 | . . . . . . 1 . . 2 Parts Melted 7 | . . . . . 1 2 . . 4 Heat Transferred 1617 | . . . . . 666 827 . . 124 Parts Sabotaged . | . . . . . . . . . . Parts Stolen . | . . . . . . . . . . Parts Stripped . | . . . . . . . . . . Power Chain Reactions 4 | . . . . . . 1 . . 3 Missiles Intercepted . | . . . . . . . . . . Alert | -11 -10 -9 -9 -8 -8 -8 -7 -6 -6 ------- Run | Scr Mat Mat Min Mat Sto Gar Fac Fac DSF Peak Influence 1169 | 20 174 430 203 74 289 1169 806 126 405 Initial 613 | . 13 73 167 74 31 43 613 126 88 Average 480 | 9 40 264 186 74 102 712 473 126 231 Maximum Alert Level 4 | . . 2 1 . 1 4 3 . 2 Low Security (%) 27 | 100 100 27 99 100 83 7 . 100 37 Level 1 21 | . . 61 . . 16 4 55 . 61 Level 2 28 | . . 11 . . . 45 33 . 1 Level 3 20 | . . . . . . 38 11 . . Level 4 2 | . . . . . . 4 . . . Level 5 . | . . . . . . . . . . High Security . | . . . . . . . . . . Max Security . | . . . . . . . . . . Sterilizations 1 | . . . . . . . . . 1 Squads Dispatched 14 | . 3 3 . . 3 . 2 . 3 Investigation 4 | . 2 1 . . 1 . . . . Extermination 2 | . . . . . . . 2 . . Reinforcement 7 | . 1 2 . . 1 . . . 3 Assault . | . . . . . . . . . . Garrison 1 | . . . . . 1 . . . . Intercept . | . . . . . . . . . . Construction Impeded 1 | . . . . . 1 . . . . Haulers Reinforced . | . . . . . . . . . . Active Scanning Responses . | . . . . . . . . . . Cargo Convoy Interrupts . | . . . . . . . . . . Stealth | -11 -10 -9 -9 -8 -8 -8 -7 -6 -6 --------- Run | Scr Mat Mat Min Mat Sto Gar Fac Fac DSF Distress Signals 5 | . 1 3 . . 1 . . . . Communications Jammed . | . . . . . . . . . . Distress Signals . | . . . . . . . . . . Times Spotted 105 | . 8 19 2 . 15 29 7 . 25 Peak Tracking Total 10 | . 4 10 2 . 4 5 4 . 6 Tactical Retreats 9 | . . . . . . 1 . . 8 Traps | -11 -10 -9 -9 -8 -8 -8 -7 -6 -6 ------- Run | Scr Mat Mat Min Mat Sto Gar Fac Fac DSF Traps Triggered 19 | . 1 4 . . 2 10 1 . 1 Indirectly . | . . . . . . . . . . Trap Hack Attempts . | . . . . . . . . . . Triggered . | . . . . . . . . . . Disarmed . | . . . . . . . . . . Reprogrammed . | . . . . . . . . . . Reused . | . . . . . . . . . . Traps Extracted . | . . . . . . . . . . Installed . | . . . . . . . . . . Triggered . | . . . . . . . . . . Machines | -11 -10 -9 -9 -8 -8 -8 -7 -6 -6 ---------- Run | Scr Mat Mat Min Mat Sto Gar Fac Fac DSF Machines Disabled 8 | . . 2 . . 1 . 4 . 1 Max in Single Turn 4 | . . 2 . . 1 . 4 . 1 Machines Sabotaged . | . . . . . . . . . . Garrisons Compromised . | . . . . . . . . . . Overloaded Fab Kills . | . . . . . . . . . . Hacking | -11 -10 -9 -9 -8 -8 -8 -7 -6 -6 --------- Run | Scr Mat Mat Min Mat Sto Gar Fac Fac DSF Machines Accessed 18 | . 3 1 . . 6 . 7 1 . Terminals 14 | . 3 1 . . 4 . 5 1 . Fabricators 1 | . . . . . . . 1 . . Repair Stations 2 | . . . . . 1 . 1 . . Recycling Units . | . . . . . . . . . . Scanalyzers . | . . . . . . . . . . Garrison Access 1 | . . . . . 1 . . . . Total Hacks 39 | . 10 3 . . 9 . 15 2 . Successful 23 | . 5 1 . . 7 . 9 1 . Failed 16 | . 5 2 . . 2 . 6 1 . Catastrophic 1 | . . . . . 1 . . . . Database Lockouts . | . . . . . . . . . . Manual 20 | . 6 3 . . 6 . 5 . . Terminals 33 | . 10 3 . . 6 . 12 2 . Fabricators 1 | . . . . . . . 1 . . Repair Stations 4 | . . . . . 2 . 2 . . Recycling Units . | . . . . . . . . . . Scanalyzers . | . . . . . . . . . . Garrison Access 1 | . . . . . 1 . . . . Terminal Hacks 11 | . 3 1 . . 2 . 4 1 . Record 1 | . . . . . . . 1 . . Robot Analysis 3 | . 2 1 . . . . . . . Open Door 1 | . . . . . 1 . . . . Open DSF 2 | . . . . . . . 1 1 . Unreport Threat 4 | . 1 . . . 1 . 2 . . Fabricator Hacks 1 | . . . . . . . 1 . . Network Status 1 | . . . . . . . 1 . . Repair Station Hacks 4 | . . . . . 2 . 2 . . Scan Component 2 | . . . . . 1 . 1 . . Repair 2 | . . . . . 1 . 1 . . Recycling Unit Hacks . | . . . . . . . . . . Scanalyzer . | . . . . . . . . . . Garrison Access Hacks 1 | . . . . . 1 . . . . Unlock Access 1 | . . . . . 1 . . . . Unauthorized Hacks 6 | . 2 . . . 2 . 2 . . Terminals 6 | . 2 . . . 2 . 2 . . Botnet 6 | . 2 . . . 2 . 2 . . Fabricators . | . . . . . . . . . . Repair Stations . | . . . . . . . . . . Recycling Units . | . . . . . . . . . . Scanalyzers . | . . . . . . . . . . Garrison Access . | . . . . . . . . . . Data Cores Recovered 1 | . . . . . . . 1 . . Used . | . . . . . . . . . . Hacking Detections 11 | . 3 1 . . 3 . 3 1 . Full Trace Events 4 | . 2 1 . . 1 . . . . Feedback Events . | . . . . . . . . . . Feedback Blocked . | . . . . . . . . . . Robot Schematics Acquired . | . . . . . . . . . . Robots Built . | . . . . . . . . . . Authchips . | . . . . . . . . . . Time . | . . . . . . . . . . Total Robot Build Rating . | . . . . . . . . . . Part Schematics Acquired . | . . . . . . . . . . Parts Built . | . . . . . . . . . . Authchips . | . . . . . . . . . . Time . | . . . . . . . . . . Total Part Build Rating . | . . . . . . . . . . Parts Repaired 2 | . . . . . 1 . 1 . . Time 70 | . . . . . 26 . 44 . . Parts Recycled . | . . . . . . . . . . Recycled Matter . | . . . . . . . . . . Retrieved Matter . | . . . . . . . . . . Retrieved Components . | . . . . . . . . . . Parts Scanalyzed . | . . . . . . . . . . Part Schematics Acquired . | . . . . . . . . . . Parts Damaged . | . . . . . . . . . . Bothacking | -11 -10 -9 -9 -8 -8 -8 -7 -6 -6 ------------ Run | Scr Mat Mat Min Mat Sto Gar Fac Fac DSF Used RIF Installer 1 | . . . . . . 1 . . . Robots Hacked . | . . . . . . . . . . Non-combat . | . . . . . . . . . . Combat . | . . . . . . . . . . Robot Hacks Applied . | . . . . . . . . . . Relay Couplers Released . | . . . . . . . . . . Fabnet Peak Effective % . | . . . . . . . . . . Robots Rewired . | . . . . . . . . . . Allies Hacked . | . . . . . . . . . . Hacks Repelled . | . . . . . . . . . . Allies | -11 -10 -9 -9 -8 -8 -8 -7 -6 -6 -------- Run | Scr Mat Mat Min Mat Sto Gar Fac Fac DSF Total Allies 1 | . . . 1 . . . . . . Largest Group 1 | . . . 1 . . . . . . Highest-Rated Group 31 | . . . 31 . . . . . . Highest-Rated Ally 31 | . . . 31 . . . . . . Total Orders . | . . . . . . . . . . Ally Attacks 5 | . . . 5 . . . . . . Total Damage 43 | . . . 43 . . . . . . Kills 1 | . . . 1 . . . . . . Allies Corrupted . | . . . . . . . . . . Allies Melted . | . . . . . . . . . . Intel | -11 -10 -9 -9 -8 -8 -8 -7 -6 -6 ------- Run | Scr Mat Mat Min Mat Sto Gar Fac Fac DSF Robot Analysis Total 3 | . 2 1 . . . . . . . Derelict Logs Recovered 1 | . . . 1 . . . . . . Drone Launches . | . . . . . . . . . . Drone Recoveries . | . . . . . . . . . . Exploration | -11 -10 -9 -9 -8 -8 -8 -7 -6 -6 ------------- Run | Scr Mat Mat Min Mat Sto Gar Fac Fac DSF Turns Passed 5394 | 120 258 360 242 26 466 2635 895 9 383 Spaces Moved 2523 | 63 186 239 223 27 216 974 444 5 146 Core . | . . . . . . . . . . Treads 1216 | . . . . . 41 669 444 5 57 Legs 469 | 63 12 . . . . 305 . . 89 Wheels 837 | . 173 239 223 27 175 . . . . Hover . | . . . . . . . . . . Flight 1 | . 1 . . . . . . . . Fastest Speed 80 | 120 80 80 80 95 80 160 160 160 112 Average Speed 167 | 120 89 94 90 95 121 239 160 160 151 Slowest Speed 330 | 120 205 95 95 95 240 330 160 160 330 Overloaded Moves . | . . . . . . . . . . Propulsion Burnouts . | . . . . . . . . . . Robots Hopped . | . . . . . . . . . . Cave-ins Triggered . | . . . . . . . . . . Exploration Rate (%) 34 | 3 36 24 60 4 20 72 12 . 75 Regions Visited 9 Branch Regions 2 Pre-discovered Areas . | . . . . . . . . . . Known Exits Taken 2 | . . . . . 1 . . 1 . Unknown Exits Taken 6 | 1 1 1 1 1 . . 1 . . Scrap Searched . | . . . . . . . . . . Spaces Dug . | . . . . . . . . . . Terrain Destroyed 132 | . . 28 . . 1 11 73 . 19 Melee . | . . . . . . . . . . Projectile 11 | . . . . . 1 5 1 . 4 AOE 121 | . . 28 . . . 6 72 . 15 Terrain Rammed . | . . . . . . . . . . Walls Destroyed . | . . . . . . . . . . Machines Disabled . | . . . . . . . . . . Actions | -11 -10 -9 -9 -8 -8 -8 -7 -6 -6 --------- Run | Scr Mat Mat Min Mat Sto Gar Fac Fac DSF Total 3223 | 82 244 311 254 27 330 1122 596 6 251 Wait 252 | . 17 11 17 . 38 22 112 . 35 Move 2515 | 62 185 238 222 26 216 973 443 4 146 Hop . | . . . . . . . . . . Pick Up 53 | 4 7 4 2 . 14 9 8 . 5 Fast Attach 51 | . 3 9 2 . 8 12 3 . 14 Attach 34 | 1 2 4 1 1 6 6 5 2 6 Detach . | . . . . . . . . . . Swap 26 | . 5 6 3 . 1 4 5 . 2 Drop 56 | 1 8 11 3 . 9 6 7 . 11 Fire 211 | 14 17 28 4 . 38 67 13 . 30 Melee . | . . . . . . . . . . Ram . | . . . . . . . . . . Kick . | . . . . . . . . . . Crush . | . . . . . . . . . . Escape Stasis 23 | . . . . . . 23 . . . Rewire 2 | . . . . . . . . . 2 Trap . | . . . . . . . . . . Miscellaneous . | . . . . . . . . . . Route ------- -11/Scrapyard -10/Materials -9/Materials -9/Mines -8/Materials (discovered 2 exits: Fac / *Sto) -8/Storage -8/Garrison (discovered 3 exits: *Fac x3) -7/Factory -6/Factory -6/DSF History --------- Turn | Location | Event 13 | -11/Scrapyard | Discovered new exit (range 3) 121 | -11/Scrapyard | Entered Materials 300 | -10/Materials | Discovered new exit (range 14) 310 | -10/Materials | Build established: Mutant 379 | -10/Materials | Entered another Materials area 379 | -9/Materials | Evolved 2 slots: Propulsion x1, Weapon x1 734 | -9/Materials | Discovered new exit (range 6) 739 | -9/Materials | Entered Mines 742 | -9/Mines | Received a Mining Laser from a helpful Derelict 770 | -9/Mines | Met a Derelict bent on vengeance 934 | -9/Mines | Found a damaged Exp. Sensor Array with a note attached 936 | -9/Mines | Found Prototype Device 936 | -9/Mines | Identified Exp. Sensor Array 970 | -9/Mines | Discovered new exit (range 9) 981 | -9/Mines | Entered Materials 981 | -8/Materials | Evolved 2 slots: Propulsion x1, Weapon x1 982 | -8/Materials | Identified exit to Factory 982 | -8/Materials | Discovered new exit (range 15) 1007 | -8/Materials | Entered Storage 1130 | -8/Storage | Repaired Hcp. Storage Unit 1203 | -8/Storage | Garrison activated, responded to threat 1217 | -8/Storage | Found Prototype Processor 1228 | -8/Storage | Build established: Scavenger-Skirmisher 1305 | -8/Storage | Identified Exp. Targeting Computer 1317 | -8/Storage | Lost 5 parts (1p3n1u) 1473 | -8/Storage | Identified exit to Garrison 1473 | -8/Storage | Entered Garrison 1516 | -8/Garrison | Triggered checkpoint 1560 | -8/Garrison | Build established: Gunner 1662 | -8/Garrison | Triggered checkpoint 1688 | -8/Garrison | Triggered checkpoint 1735 | -8/Garrison | Destroyed 8 combat bots 1788 | -8/Garrison | Core integrity fell below 50% 1834 | -8/Garrison | Lost 3 parts (1p1n1w) 1850 | -8/Garrison | Triggered checkpoint 2000 | -8/Garrison | Discovered exit to Factory (range 12) 2467 | -8/Garrison | Discovered exit to Factory (range 14) 2672 | -8/Garrison | Discovered exit to Factory (range 12) 2762 | -8/Garrison | Triggered checkpoint 2774 | -8/Garrison | Build established: Scavenger-Tank 2845 | -8/Garrison | Lost 6 parts (1p1n1u3w) 3028 | -8/Garrison | Triggered checkpoint 3276 | -8/Garrison | Triggered checkpoint 3345 | -8/Garrison | Build established: Scavenger-Gunner 3492 | -8/Garrison | Triggered checkpoint 4009 | -8/Garrison | Installed Relay Interface Framework 4108 | -8/Garrison | Entered Factory 4108 | -7/Factory | Evolved 2 slots: Utility x2 4658 | -7/Factory | Repaired Gauss Rifle 4985 | -7/Factory | Discovered new exit (range 5) 5003 | -7/Factory | Entered another Factory area 5003 | -6/Factory | Evolved 2 slots: Utility x2 5010 | -6/Factory | Identified exit to DSF 5012 | -6/Factory | Entered DSF 5050 | -6/DSF | Additional patrols routed to DSF 5176 | -6/DSF | System corruption reached 10% 5180 | -6/DSF | Lost 5 parts (2u3w) 5262 | -6/DSF | Sterilization system engaged 5282 | -6/DSF | Ambient heat levels rising (+10) 5297 | -6/DSF | Ambient heat levels rising (+10) 5312 | -6/DSF | Ambient heat levels rising (+10) 5327 | -6/DSF | Ambient heat levels rising (+10) 5342 | -6/DSF | Ambient heat levels rising (+10) 5357 | -6/DSF | Ambient heat levels rising (+10) 5370 | -6/DSF | Lost 7 parts (1n2u4w) 5370 | -6/DSF | Core integrity fell below 50% 5372 | -6/DSF | Ambient heat levels rising (+10) 5387 | -6/DSF | Ambient heat levels rising (+10) 5389 | -6/DSF | Core integrity fell below 20% 5396 | -6/DSF | Core destroyed Last Messages --------------- 05387_ A-15 Conveyor heat spikes uncontrollably. 05387_ ALERT: Ambient heat levels +10. 05387_ S-27 Virus overheating. 05389_ Overheating: Core damaged (-85). 05389_ A-15 Conveyor heat damages Adv. Weight Redist. System, Lrg. Storage Unit. 05389_ S-27 Virus overheating. 05390_ Hvy. Treads broken. 05390_ Overheating: Short circuit. 05390_ S-27 Virus heat spikes uncontrollably. 05390_ S-27 Virus overheating. 05392_ Power failure, Imp. Ion Engine shutdown. 05392_ Overheating: System interference. 05392_ Wave Gun temporarily disabled. 05392_ A-15 Conveyor heat damages core (-9). 05392_ S-27 Virus overheating. 05394_ Overheating: Matter decay (-23). 05394_ S-27 Virus heat damages core (-5). 05395_ Acquired 89 matter. 05396_ Overheating: Core damaged (-170). Map ----- +----------------------------------------------------+ | | | ???????????????????????????????????????????? | | ???????????????????????????????????????????? | | ???????????????????????????????????????????? | | ????##?????????????????????????????????????? | | ???""#?????????????????????????????????????? | | ???#"#????????????###??????????????????????? | | ####"##??????######%###????????????????????? | | #""%%"########"!! %===###??????????????????? | | #"%%%%## #!!!#!! =# ###????????????????? | | #%%[%%% [ ! *[ " #????????????????? | | ""% %% =*% [ [ " ###????????????????? | | #" [ ##!!#!!!##" " ##??????????????????? | | ##" ""#!!#!!!##" # # #??????????????????? | | ?# #########== ]]###??????????????????? | | ?# #??????#== ]]#????????????????????? | | ?#*! !#??????#== ]] #???????????????????? | | ?##%[###??????### ###???????????????????? | | ?# !% !#??????#]] !#????????????????????? | | ?# ! #??????#]] !!#????????????????????? | | ?# !!#??????#]] !!#????????????????????? | | ### ############% #######?###????????????? | | #!! ## #!!!###% ###///# #?????#??????? | | #!! ## #!!!## ;#///# ## #??????? | | # !!#??????? | | # % % @ !!#??????? | | # % %%=% !!#??????? | | # ##! #[[[;; %%##!!!#!!!## !!#??????? | | # ##!!!# [### ###!!!#!!!#?????#??????? | | ################# =#######?###????????????? | | ??????????????#!! ==%#????????????????????? | | ??????????????#!! %= #????????????????????? | | ??????????????#!!^^%==#????????????????????? | | ??????????????###^ ###????????????????????? | | ???????????????== ??????????????????????? | | ??????????????#== ^ ??????????????????????? | | ??????????????#== ?????????????????????? | | ??????????????### ##?????????????????????? | | ????????????????# #??????????????????????? | | ???????????????? ??????????????????????? | | ???????????????? ??????????????????????? | | ??????????????? !??????????????????????? | | ??????????????? !??????????????????????? | | ??????????????#######??????????????????????? | | ???????????????????????????????????????????? | | ???????????????????????????????????????????? | | ???????????????????????????????????????????? | | ???????????????????????????????????????????? | | ???????????????????????????????????????????? | | ???????????????????????????????????????????? | +----------------------------------------------------+ Best States ------------- Heat Dissipation 37 Energy Generation 18 Energy Capacity 265 Matter Stores 356 Matter Capacity 400 Sight Range 16 Robot Scan Range 20 Terrain Scan Range 16 Terrain Scan Density 60 Armor Coverage 150 Evasion (%) 55 Targeting Accuracy 12 Recoil Reduction 4 Matter Filtering 30 Kinecelleration 30 Offensive Hacking 20 Authchip Count 2 Item Schematics ----------------- None Robot Schematics ------------------ None Fabricated ------------ Nothing Alien Tech Used ----------------- None Achievements -------------- None Challenges ------------ None Game ------ Seed BehemothRecoilBlade Manual? 0 Play Time 01:02:40 Cumulative 104.0 hours Start 2022.01.02 @ 17:23:40 End 2022.01.02 @ 18:49:28 Sessions 1 Manual Loads 0 Difficulty Rogue Special Mode Winter2021/Sauler Game No. 180 Rogue 175 Adventurer 0 Explorer 5 Win Type - Total 0 Types 0/0/0/0/0/0/0/0/0 Lore% 40 Gallery% 55 Achievement% 43 Wizard Run 0 Options --------- ASCII 0 Keyboard 0 Movement Mouse Keybinds 0 Fullscreen 2 Font 18/Smallcaps Map View 76x50 Tactical HUD 1 Map Filters NONE Filters NONE Steam X RUN: 77d31976-7533-44a9-ba1d-0d2833448d09